 Dungeon Crawl Stone Soup version 0.23.2-33-g5129a83184 (webtiles) character file.

Game seed: 10068939095541820150

84 Derp the Magician (level 4, -8/24 HPs)
             Began as a Deep Elf Wizard on July 21, 2019.
             Killed by divine providence
             ... invoked by an orc priest
              (11 damage)
             ... on level 3 of the Dungeon.
             The game lasted 00:06:08 (2339 turns).

Derp the Magician (Deep Elf Wizard)                 Turns: 2339, Time: 00:06:08

Health: -8/24      AC:  1    Str:  4    XL:     4   Next: 24%
Magic:  14/14      EV: 13    Int: 24    God:
Gold:   131        SH:  0    Dex: 13    Spells: 14/15 levels left

rFire    . . .     SeeInvis .   (no weapon)
rCold    . . .     Gourm    .   (no shield)
rNeg     . . .     Faith    .   (no armour)
rPois    .         Spirit   .   b - +0 hat
rElec    .         Reflect  .   i - +0 cloak
rCorr    .         Harm     .   (no gloves)
MR       .....                  (no boots)
Stlth    ++........             (no amulet)
HPRegen  0.08/turn              (no ring)
MPRegen  0.14/turn              (no ring)

@: no status effects
A: no striking features
a: no special abilities


You were on level 3 of the Dungeon.
You were hungry.

You visited 1 branch of the dungeon, and saw 3 of its levels.

You collected 131 gold pieces.

Inventory:

Armour
 a - a +0 robe
 b - a +0 hat (worn)
 i - a +0 cloak (worn)
 n - a +1 robe of resistance
Scrolls
 e - 9 scrolls of identify {unknown}
 g - 5 scrolls of amnesia {unknown}
 j - a scroll of fear {unknown}
 k - a scroll of teleportation {unknown}
Potions
 c - a potion of mutation {unknown}
 f - a potion of heal wounds {unknown}
 h - a potion of lignification {unknown}
 l - a potion of might {unknown}
 m - a potion of magic {unknown}
Comestibles
 d - 9 rations


   Skills:
 + Level 2.9 Dodging
 + Level 2.8 Stealth
 + Level 6.2 Spellcasting
 + Level 2.1 Conjurations
   Level 1.1 Summonings
   Level 1.1 Translocations


You had 14 spell levels left.
You knew the following spells:

 Your Spells              Type           Power        Failure   Level  Hunger
a - Magic Dart            Conj           ###.         3%          1    None

Your spell library contained the following spells:

 Spells                   Type           Power        Failure   Level  Hunger
 Summon Butterflies       Summ           ##......     4%          1    None
 Blink                    Tloc           N/A          8%          2    None
 Call Imp                 Summ           ##......     8%          2    None
 Slow                     Hex            #.......     12%         2    None
 Call Canine Familiar     Summ           ##......     16%         3    #......
 Conjure Flame            Conj/Fire      ##......     16%         3    #......
 Mephitic Cloud           Conj/Pois/Air  ##......     17%         3    #......
 Summon Ice Beast         Ice/Summ       ##......     52%         4    ###....
 Summon Mana Viper        Hex/Summ       ##......     86%         5    #####..
 Summon Hydra             Summ           ##........   100%        7    #######


Dungeon Overview and Level Annotations

Branches:
Dungeon (3/15)

Altars:


Message History

Casting: Magic Dart (safe; 3% risk of failure)
Confirm with . or Enter, or press ? or * to list all spells.
Aiming: Magic Dart (safe; 3% risk of failure)
Press: ? - help, Shift-Dir - straight line, f/p - orc
Aim: an orc, wielding a +0 short sword and wearing a +0 chain mail You miscast Magic Dart.
You are very lightly contaminated with residual magic.
Nothing appears to happen.
The orc priest calls down the wrath of Beogh upon you.
Beogh smites you! The orc hits you with a +0 short sword.
The orc priest invokes the aid of Beogh against you.
Beogh smites you!
* * * LOW HITPOINT WARNING * * *
An orc comes into view. It is wielding a +0 dagger.
The orc shouts!
The orc priest looks braver for a moment.
Your magical contamination has completely faded away.
The orc priest invokes the aid of Beogh against you.
Beogh smites you!
You die...

###### ###### #.....##### #.....
#.........#########.....
+.................+.....
#.................#.....
........................ #..@#
....>......... +...+
.............. . #...
#.o.##########...... .. #...
#.o..#.....# #...... ..#+#...
#....#.....####..... .......#
#.o..#.......##.#### .......#
#....#.......##.# .......#
#.o..#####...##.#
.......#######....#.......##'####


You could see an orc priest and 3 orcs.

Vanquished Creatures
  Jessica (D:3)
  An adder (D:2)
  An ooze (D:2)
  A worm (D:2)
  A dart slug (D:1)
  A leopard gecko (D:3)
  3 orcs (D:3)
  3 giant cockroaches
  3 goblins
  2 hobgoblins
  5 kobolds
  A quokka (D:2)
  5 bats
  5 frilled lizards
  5 rats
38 creatures vanquished.

Notes
Turn   | Place    | Note
-------+----------+-------------------------------------------
     0 | D:1      | Derp the Deep Elf Wizard began the quest for the Orb.
     0 | D:1      | Reached XP level 1. HP: 10/10 MP: 7/7
   295 | D:1      | Reached skill level 5 in Spellcasting
   295 | D:1      | Reached XP level 2. HP: 14/15 MP: 5/10
   960 | D:2      | Reached XP level 3. HP: 19/19 MP: 7/12
  2163 | D:3      | Reached skill level 6 in Spellcasting
  2167 | D:3      | Noticed Jessica
  2177 | D:3      | Killed Jessica
  2177 | D:3      | Reached XP level 4. HP: 24/24 MP: 7/14
  2311 | D:3      | HP: 1/24 [orc priest/divine providence (10)]
  2339 | D:3      | Killed from afar by an orc priest

Skill      XL: |  1  2  3 |
---------------+----------+-----
Spellcasting   | 5 6 |  6.2
Conjurations   | 2 |  2.1
Dodging        | |  2.9
Stealth        | |  2.8
Summonings     | |  1.1
Translocations | |  1.1

Action                   |  1- 3 |  4- 6 || total
-------------------------+-------+-------++-------
 Cast: Magic Dart        |    99 |     8 ||   107
  Eat: Ration            |     1 |       ||     1
Armor: Robe              |     1 |       ||     1
Dodge: Dodged            |    15 |       ||    15
